3028 views
Uploaded 2020-04-08 20:03:08
Game version 1.32.3
29:40 long 1on1 ladder game on (2)EchoIsles
Saved by BEARAND
3028 views
Uploaded 2020-04-08 20:03:08
Game version 1.32.3
29:40 long 1on1 ladder game on (2)EchoIsles

44 units @ 7.7k
/ 1.3k
15 buildings @ 2.3k
/ 1.1k


| Rod of Necromancy | 1 | 150 |
| Potion of Healing | 1 | 150 |
| total: | 2 | 300g |
| Acolyte | 12 | 900 | / | 0 |
| Ghoul | 2 | 240 | / | 0 |
| Crypt Fiend | 11 | 2365 | / | 440 |
| Meat Wagon | 13 | 2990 | / | 650 |
| Obsidian Statue | 6 | 1200 | / | 210 |
| total: | 44 | 7695g | / | 1300w |
| Spirit Tower | 5 | 725 | / | 200 |
| Crypt | 1 | 200 | / | 50 |
| Graveyard | 1 | 215 | / | 0 |
| Altar of Darkness | 1 | 180 | / | 50 |
| Ziggurat | 7 | 1050 | / | 350 |
| Tomb of Relics | 1 | 130 | / | 30 |
| Slaughterhouse | 2 | 280 | / | 270 |
| Sacrificial Pit | 1 | 75 | / | 150 |
| Boneyard | 1 | 175 | / | 200 |
| Halls of the Dead | 2 | 640 | / | 420 |
| Black Citadel | 1 | 325 | / | 230 |
| total: | 15 | 2305g | / | 1100w |
| 0:07 | Crypt |
| 0:12 | Graveyard |
| 0:14 | Acolyte |
| 0:14 | Acolyte |
| 0:29 | Acolyte |
| 0:55 | Altar of Darkness |
| 1:03 | Ziggurat |
| 1:16 | Ghoul |
| 1:32 | Ghoul |
| 1:54 | Tomb of Relics |
| 2:12 | Crypt Fiend |
| 2:23 | Ziggurat |
| 2:55 | Ziggurat |
| 3:02 | Rod of Necromancy |
| 3:08 | Death Coil |
| 3:24 | Crypt Fiend |
| 4:26 | Crypt Fiend |
| 4:39 | Spirit Tower |
| 4:40 | Halls of the Dead |
| 5:05 | Crypt Fiend |
| 5:12 | Ziggurat |
| 5:28 | Ziggurat |
| 5:46 | Crypt Fiend |
| 6:06 | Spirit Tower |
| 6:18 | Spirit Tower |
| 7:20 | Acolyte |
| 7:20 | Acolyte |
| 7:21 | Acolyte |
| 7:26 | Slaughterhouse |
| 8:21 | Crypt Fiend |
| 8:48 | Ziggurat |
| 9:02 | Meat Wagon |
| 9:45 | Meat Wagon |
| 9:53 | Spirit Tower |
| 9:57 | Unholy Aura |
| 10:50 | Meat Wagon |
| 11:18 | Death Coil |
| 11:44 | Black Citadel |
| 12:42 | Potion of Healing |
| 13:46 | Frost Armor |
| 14:08 | Disease Cloud |
| 15:37 | Frost Nova |
| 15:58 | Obsidian Statue |
| 15:59 | Obsidian Statue |
| 17:07 | Obsidian Statue |
| 17:57 | Meat Wagon |
| 17:58 | Obsidian Statue |
| 18:28 | Acolyte |
| 18:31 | Slaughterhouse |
| 18:50 | Backpack |
| 19:26 | Meat Wagon |
| 19:39 | Meat Wagon |
| 20:19 | Meat Wagon |
| 20:20 | Meat Wagon |
| 21:17 | Acolyte |
| 21:17 | Acolyte |
| 21:17 | Acolyte |
| 21:18 | Acolyte |
| 21:40 | Crypt Fiend |
| 22:09 | Ziggurat |
| 22:53 | Unholy Aura |
| 23:33 | Meat Wagon |
| 23:34 | Meat Wagon |
| 23:40 | Acolyte |
| 24:27 | Spirit Tower |
| 24:34 | Crypt Fiend |
| 24:34 | Crypt Fiend |
| 25:10 | Sacrificial Pit |
| 25:18 | Unholy Armor |
| 26:00 | Crypt Fiend |
| 26:00 | Crypt Fiend |
| 26:08 | Obsidian Statue |
| 26:09 | Obsidian Statue |
| 26:15 | Boneyard |
| 27:39 | Meat Wagon |
| 27:41 | Meat Wagon |
| 28:32 | Meat Wagon |
| Right click | 1040 |
| Select | 427 |
| Select group | 134 |
| Chat | 95 |
| Build/train/purchase | 90 |
| Misc. action | 82 |
| Use ability | 48 |
| Assign group | 14 |
| Esc | 3 |
| Remove unit | 2 |
25 units @ 2.4k
/ 0.1k
94 buildings @ 4.3k
/ 2.4k



| Scroll of Regeneration | 6 | 600 |
| Lesser Clarity Potion | 3 | 210 |
| Orb of Fire | 3 | 975 |
| Staff of Sanctuary | 3 | 750 |
| Potion of Healing | 2 | 300 |
| Potion of Mana | 1 | 200 |
| Staff of Teleportation | 3 | 450 |
| Boots of Speed | 3 | 750 |
| total: | 24 | 4235g |
| Peasant | 20 | 1500 | / | 0 |
| Priest | 1 | 135 | / | 10 |
| Sorceress | 1 | 155 | / | 20 |
| Dragonhawk Rider | 3 | 600 | / | 90 |
| total: | 25 | 2390g | / | 120w |
| Scout Tower | 80 | 2400 | / | 1600 |
| Arcane Tower | 6 | 420 | / | 300 |
| Guard Tower | 73 | 5110 | / | 3650 |
| Altar of Kings | 1 | 180 | / | 50 |
| Farm | 5 | 400 | / | 100 |
| Lumber Mill | 1 | 120 | / | 0 |
| Arcane Vault | 2 | 260 | / | 60 |
| Town Hall | 1 | 385 | / | 205 |
| Blacksmith | 1 | 140 | / | 60 |
| Barracks | 1 | 160 | / | 60 |
| Arcane Sanctum | 1 | 150 | / | 140 |
| Gryphon Aviary | 1 | 140 | / | 150 |
| Keep | 1 | 320 | / | 210 |
| Castle | 1 | 360 | / | 210 |
| total: | 94 | 4335g | / | 2425w |
| 0:01 | Peasant |
| 0:01 | Peasant |
| 0:10 | Altar of Kings |
| 0:17 | Farm |
| 0:34 | Peasant |
| 0:44 | Peasant |
| 0:48 | Lumber Mill |
| 0:50 | Scout Tower |
| 1:11 | Peasant |
| 1:40 | Scout Tower |
| 1:43 | Arcane Tower |
| 1:45 | Farm |
| 1:46 | Peasant |
| 1:46 | Peasant |
| 1:46 | Peasant |
| 1:54 | Scout Tower |
| 1:55 | Scout Tower |
| 2:03 | Scout Tower |
| 2:12 | Blizzard |
| 2:19 | Arcane Tower |
| 2:48 | Guard Tower |
| 2:49 | Peasant |
| 2:49 | Peasant |
| 2:49 | Peasant |
| 2:49 | Peasant |
| 2:50 | Peasant |
| 2:59 | Scout Tower |
| 3:42 | Peasant |
| 3:42 | Peasant |
| 4:09 | Improved Masonry |
| 4:21 | Guard Tower |
| 4:23 | Scout Tower |
| 4:37 | Keep |
| 4:39 | Scout Tower |
| 4:40 | Scout Tower |
| 4:45 | Scout Tower |
| 4:46 | Scout Tower |
| 4:52 | Guard Tower |
| 5:07 | Guard Tower |
| 5:10 | Farm |
| 5:10 | Farm |
| 5:16 | Guard Tower |
| 5:17 | Guard Tower |
| 5:19 | Scout Tower |
| 5:20 | Scout Tower |
| 5:25 | Arcane Vault |
| 5:40 | Guard Tower |
| 5:45 | Staff of Teleportation |
| 5:45 | Boots of Speed |
| 5:47 | Brilliance Aura |
| 5:52 | Guard Tower |
| 5:52 | Guard Tower |
| 5:55 | Scout Tower |
| 6:04 | Scroll of Regeneration |
| 6:12 | Scroll of Regeneration |
| 6:18 | Scout Tower |
| 6:22 | Guard Tower |
| 6:41 | Scout Tower |
| 6:45 | Guard Tower |
| 7:20 | Improved Lumber Harvesting |
| 7:22 | Advanced Masonry |
| 7:41 | Scroll of Regeneration |
| 7:41 | Lesser Clarity Potion |
| 7:45 | Lesser Clarity Potion |
| 8:07 | Scout Tower |
| 8:12 | Scout Tower |
| 8:13 | Scout Tower |
| 8:15 | Storm Bolt |
| 8:23 | Scout Tower |
| 8:28 | Arcane Sanctum |
| 8:35 | Peasant |
| 8:35 | Peasant |
| 8:58 | Guard Tower |
| 8:59 | Guard Tower |
| 9:10 | Scroll of Regeneration |
| 9:31 | Town Hall |
| 9:40 | Scout Tower |
| 9:42 | Scout Tower |
| 9:43 | Scout Tower |
| 10:10 | Magic Sentry |
| 10:37 | Guard Tower |
| 10:38 | Guard Tower |
| 10:38 | Arcane Tower |
| 10:40 | Arcane Vault |
| 10:48 | Guard Tower |
| 10:58 | Priest |
| 11:08 | Scout Tower |
| 11:09 | Scout Tower |
| 11:10 | Scroll of Regeneration |
| 11:22 | Peasant |
| 11:26 | Scout Tower |
| 11:26 | Scout Tower |
| 11:27 | Scout Tower |
| 12:33 | Scout Tower |
| 12:34 | Guard Tower |
| 12:36 | Guard Tower |
| 12:36 | Guard Tower |
| 12:38 | Scout Tower |
| 12:38 | Scout Tower |
| 12:39 | Scout Tower |
| 12:44 | Castle |
| 12:46 | Advanced Lumber Harvesting |
| 12:47 | Sorceress Adept Training |
| 12:48 | Sorceress |
| 12:51 | Sorceress Master Training |
| 12:52 | Priest Adept Training |
| 12:59 | Scout Tower |
| 13:00 | Scout Tower |
| 13:00 | Scout Tower |
| 13:01 | Scout Tower |
| 13:02 | Scout Tower |
| 13:03 | Scout Tower |
| 13:07 | Scout Tower |
| 13:11 | Guard Tower |
| 13:36 | Guard Tower |
| 13:36 | Guard Tower |
| 14:00 | Bash |
| 14:05 | Guard Tower |
| 14:09 | Gryphon Aviary |
| 14:10 | Blacksmith |
| 14:11 | Barracks |
| 14:23 | Scout Tower |
| 14:24 | Scout Tower |
| 14:24 | Scout Tower |
| 14:25 | Scout Tower |
| 14:26 | Scout Tower |
| 14:26 | Scout Tower |
| 14:28 | Scroll of Regeneration |
| 14:34 | Guard Tower |
| 14:34 | Guard Tower |
| 14:37 | Peasant |
| 14:37 | Peasant |
| 14:43 | Guard Tower |
| 14:51 | Scout Tower |
| 14:52 | Scout Tower |
| 14:53 | Scout Tower |
| 14:53 | Scout Tower |
| 15:15 | Orb of Fire |
| 15:15 | Staff of Sanctuary |
| 15:15 | Potion of Healing |
| 15:22 | Scout Tower |
| 15:23 | Scout Tower |
| 15:24 | Scout Tower |
| 15:28 | Guard Tower |
| 15:38 | Arcane Tower |
| 15:56 | Imbued Masonry |
| 15:57 | Dragonhawk Rider |
| 16:19 | Holy Light |
| 16:24 | Guard Tower |
| 16:25 | Guard Tower |
| 16:39 | Guard Tower |
| 16:44 | Orb of Fire |
| 16:44 | Staff of Sanctuary |
| 16:44 | Potion of Healing |
| 16:44 | Potion of Mana |
| 16:47 | Lesser Clarity Potion |
| 17:48 | Guard Tower |
| 17:48 | Guard Tower |
| 17:50 | Scout Tower |
| 17:50 | Scout Tower |
| 18:14 | Animal War Training |
| 18:18 | Guard Tower |
| 18:18 | Guard Tower |
| 18:18 | Guard Tower |
| 18:19 | Guard Tower |
| 18:22 | Scout Tower |
| 18:24 | Dragonhawk Rider |
| 18:25 | Dragonhawk Rider |
| 18:26 | Farm |
| 18:46 | Boots of Speed |
| 18:46 | Staff of Teleportation |
| 18:49 | Boots of Speed |
| 18:57 | Blizzard |
| 19:20 | Guard Tower |
| 19:23 | Guard Tower |
| 19:23 | Guard Tower |
| 19:28 | Studded Leather Armor |
| 19:42 | Staff of Sanctuary |
| 19:55 | Orb of Fire |
| 20:14 | Scout Tower |
| 20:15 | Scout Tower |
| 20:15 | Scout Tower |
| 20:16 | Scout Tower |
| 20:33 | Reinforced Leather Armor |
| 21:08 | Guard Tower |
| 21:41 | Guard Tower |
| 22:06 | Staff of Teleportation |
| 22:40 | Scout Tower |
| 22:45 | Scout Tower |
| 23:32 | Guard Tower |
| 25:27 | Scout Tower |
| 25:28 | Scout Tower |
| 25:29 | Scout Tower |
| 25:29 | Scout Tower |
| 25:48 | Divine Shield |
| 25:57 | Guard Tower |
| 25:58 | Guard Tower |
| 26:15 | Dragonhide Armor |
| 26:16 | Iron Forged Swords |
| 26:20 | Guard Tower |
| 26:23 | Guard Tower |
| 26:26 | Scout Tower |
| 26:28 | Scout Tower |
| 26:33 | Scout Tower |
| 26:54 | Guard Tower |
| 27:03 | Guard Tower |
| 27:20 | Guard Tower |
| 27:34 | Scout Tower |
| 27:36 | Scout Tower |
| 27:50 | Scout Tower |
| 27:50 | Scout Tower |
| 27:51 | Scout Tower |
| 27:52 | Scout Tower |
| 27:53 | Scout Tower |
| 27:54 | Scout Tower |
| 27:54 | Scout Tower |
| 27:55 | Scout Tower |
| 27:55 | Scout Tower |
| 27:56 | Scout Tower |
| 28:05 | Guard Tower |
| 28:10 | Guard Tower |
| 29:27 | Arcane Tower |
| Right click | 3630 |
| Select | 885 |
| Select group | 448 |
| Build/train/purchase | 290 |
| Use ability | 121 |
| Chat | 92 |
| Misc. action | 18 |
| Assign group | 14 |
| Item give/drop | 9 |
| Remove unit | 2 |
โ